AoeStats
← ivcrk826

African Clearing

506634716Analyzed
2v2 RM · 18d ago on Sep 14, 2026· 41m 12s· 4 players
Game mode
Random Map
Map size
Medium (4 player)
Population
200
Speed
Normal
Resources
Standard
Victory
Conquest
Starting age
Dark Age
Ending age
Imperial Age
RankedLock teamsTeams togetherTeam positionsShared explorationLock speedFull tech treeHidden civsTurbo modeCheats
Victory
Defeat
🇹🇼 Gurjaras · Taiwan
1532
+10
🇹🇼 Khmer · Taiwan
1408
+16
🇦🇷 Bohemians · Argentina
1452
-15
🇨🇳 Vietnamese · China
1348
-11
ivcrk826
7:31 Loom
12:04 Feudal Age
12:35 Double-Bit Axe
18:17 Castle Age
27:04 Wheelbarrow
28:13 Town Watch
35:43 Imperial Age
34:25 Bow Saw
38:37 Pikeman
41:20 Chemistry
41:43 Conscription
CALF-PICO
13:31 Feudal Age
13:03 Loom
15:22 Double-Bit Axe
17:39 Castle Age
16:08 Fletching
21:09 Horse Collar
23:02 Bodkin Arrow
24:39 Gold Mining
27:21 Padded Archer Armor
31:23 Leather Archer Armor
31:57 Bow Saw
36:55 Imperial Age
37:04 Stone Mining
38:54 Chemistry
39:21 Wheelbarrow
39:48 Ballistics
好警察
3:25 Loom
13:05 Feudal Age
17:19 Castle Age
15:39 Double-Bit Axe
17:35 Bloodlines
18:10 Bow Saw
20:01 Wheelbarrow
24:07 Horse Collar
27:37 Hand Cart
28:13 Gold Mining
28:50 Heavy Plow
29:09 Town Watch
29:48 Sanctity
30:36 Fervor
34:59 Imperial Age
33:06 Sanctity
33:59 Kshatriyas
33:21 Light Cavalry
34:01 Husbandry
34:07 Scale Barding Armor
34:13 Forging
35:18 Gold Shaft Mining
35:37 Chain Barding Armor
35:05 Hussar
36:38 Iron Casting
35:25 Hussar
36:53 Plate Barding Armor
37:11 Conscription
40:44 Crop Rotation
高德納
9:06 Loom
13:35 Feudal Age
16:42 Castle Age
14:47 Double-Bit Axe
16:07 Scale Barding Armor
16:45 Bloodlines
18:01 Bow Saw
28:34 Wheelbarrow
28:43 Horse Collar
31:13 Heavy Plow
31:09 Town Watch
37:52 Imperial Age
35:53 Fletching
37:34 Ballistics
39:01 Siege Engineers
39:23 Conscription
39:39 Double Crossbow
Connection lost

Rejoining the realm…

Still unreachable

The connection could not be restored.

Session expired

The server has moved on; the page needs a fresh start.